 Dungeon Crawl Stone Soup version 0.31.0-12-g77e489cdc1 (webtiles) character file.

Game seed: 6805284108198432244

14198 Doomgape the Grappler (level 11, -10/126 HPs)
             Began as a Troll Fighter on Feb 25, 2024.
             Was a High Priest of Okawaru.
             Mangled by a manticore (14 damage)
             ... summoned by Kirke
             ... on level 3 of the Lair of Beasts.
             The game lasted 00:29:04 (9159 turns).

Doomgape the Grappler (Troll Fighter)               Turns: 9159, Time: 00:29:05

Health: -10/126    AC:  0    Str: 34    XL:     11   Next: 85%
Magic:  0/14       EV: 16    Int:  3    God:    Okawaru [*****.]
Gold:   411        SH:  0    Dex:  8    Spells: 10/10 levels left

rFire   . .          .
                       - Unarmed
rCold   . . .        b - melded +1 kite shield
rNeg    . . .        q - melded +1 animal skin of Refuge {rF+ rC+ Str+2}
rPois   .            (helmet currently unavailable)
rElec   .            (cloak currently unavailable)
rCorr   .            (gloves unavailable)
SInv    .            (boots unavailable)
Will    .....        r - amulet of guardian spirit
Stlth   +            i - melded +5 ring of evasion
HPRegen 1.21/turn    m - melded +4 ring of protection
MPRegen 0.14/turn

%: guardian spirit
@: pig-form, slowed, studying Axes
A: fast, no casting, small, unfitting armour, (claws 3), regeneration 1, (shaggy
fur 1), (tough skin 1), robust 1, strong 1, wild magic 1, evolution 1
a: Renounce Religion, Heroism, Finesse, Duel


You were on level 3 of the Lair of Beasts.
You worshipped Okawaru.
Okawaru was extremely pleased with you.
You were a filthy swine.
You visited 3 branches of the dungeon, and saw 13 of its levels.
You also visited: Ossuary.

You collected 516 gold pieces.
You spent 105 gold pieces at shops.

Inventory:

Missiles
 p - 3 silver javelins
 u - 6 large rocks (quivered)
 F - a throwing net
Armour
 b - a +1 kite shield (melded)
 q - the +1 animal skin of Refuge (melded) {rF+ rC+ Str+2}
   (You acquired it on level 6 of the Dungeon)

   Str+2:     It affects your strength (+2).
   rF+:       It protects you from fire.
   rC+:       It protects you from cold.
 H - +0 acid dragon scales
Jewellery
 c - a ring of fire
 i - a +5 ring of evasion (melded)
 m - a +4 ring of protection (melded)
 r - an amulet of guardian spirit (around neck)
 x - a ring of protection from fire
Wands
 a - a wand of acid (15)
 d - a wand of flame (8)
 y - a wand of paralysis (7)
 D - a wand of digging (5)
 G - a wand of iceblast (3)
Scrolls
 e - 6 scrolls of identify
 h - 2 scrolls of immolation
 k - 3 scrolls of vulnerability
 n - 2 scrolls of teleportation
 t - a scroll of fear {unknown}
 A - a scroll of enchant armour
 C - 2 scrolls of fog
 J - a scroll of revelation {unknown}
Potions
 f - 7 potions of curing
 g - 2 potions of attraction
 j - 3 potions of magic
 l - 3 potions of ambrosia
 o - 3 potions of mutation
 s - a potion of enlightenment {unknown}
 v - 2 potions of brilliance {unknown}
 w - a potion of lignification
 z - a potion of invisibility
 B - a potion of might
 E - a potion of cancellation {unknown}
 I - a potion of haste {unknown}


   Skills:
 - Level 9.0 Fighting
 - Level 8.2 Dodging
 + Level 5.2 Shields
 + Level 11.3 Unarmed Combat
 + Level 5.6 Invocations


You had 10 spell levels left.
You didn't know any spells.
Your spell library contained the following spells:

 Spells                   Type           Power      Damage    Failure   Level
 Kiss of Death            Conj/Necr      0%         2d5       61%         1
 Slow                     Hex            0%         N/A       61%         1
 Cigotuvi's Dreadful Rot  Necr/Alch/Air  0%         N/A       75%         2
 Momentum Strike          Conj/Tloc      0%         3d8       75%         2
 Scorch                   Fire           0%         2d5       75%         2
 Confusing Touch          Hex            0%         N/A       92%         3
 Dazzling Flash           Conj/Hex       0%         N/A       92%         3
 Sigil of Binding         Hex            0%         N/A       92%         3
 Vampiric Draining        Necr           0%         2d6       92%         3
 Volatile Blastmotes      Fire/Tloc      0%         2d10      92%         3
 Dimensional Bullseye     Hex/Tloc       0%         N/A       100%        4
 Dispel Undead            Necr           0%         3d6       100%        4
 Flame Wave               Conj/Fire      0%         2d4       100%        4
 Fulminant Prism          Conj/Alch      0%         3d5       100%        4
 Alistair's Intoxication  Alch           0%         N/A       100%        5
 Borgnjor's Vile Clutch   Necr/Erth      0%         N/A       100%        5
 Eringya's Noxious Bog    Alch           0%         4d6       100%        6
 Starburst                Conj/Fire      0%         6d3       100%        6
 Maxwell's Capacitive Co  Air            0%         ∞         100%        8
 Summon Small Mammal      Summ           Unusable   N/A       N/A         1
 Call Canine Familiar     Summ           Unusable   N/A       N/A         3
 Summon Blazeheart Golem  Fire/Summ      Unusable   N/A       N/A         4
 Summon Cactus Giant      Summ           Unusable   N/A       N/A         6

Dungeon Overview and Level Annotations

Branches:
Dungeon (9/15)             Temple (1/1) D:6            Lair (3/5) D:9
  Swamp (0/4) Lair:3          Orc (0/2) D:9         Ossuary (visited)
  Snake: Lair:2-3    Spider: Lair:2-3

Altars:
Ashenzari
Dithmenos
Elyvilon
Gozag
Hepliaklqana
Kikubaaqudgha
Nemelex Xobeh
Okawaru
Qazlal
Ru
Sif Muna
Trog
Uskayaw
Vehumet
Wu Jian
Xom
Zin
The Shining One

Shops:
D:2 [(((:   D:8 !

Annotations:
D:2 2 transporters
D:5 2 transporters
D:7 2 runed translucent doors
Lair:3 Kirke


Innate Abilities, Weirdness & Mutations

You are a filthy swine.
You move quickly.
Your equipment is almost entirely melded.
You are incapable of wielding weapons or throwing items.
You cannot cast spells.
You are too large for most types of armour.
((You have claws for hands.))
Your natural rate of healing is unusually fast.
((You are covered in fur. (AC +1)))
((You have tough skin. (AC +1)))
You are robust. (+10% HP)
Your muscles are strong. (Str +4, Int/Dex -1)
Your spells are a little harder to cast, but a little more powerful.
You have hidden genetic potential.


Message History

Kirke gestures at you while chanting.
You barely resist.
Unknown command.
You barely miss Kirke.
Kirke is almost dead.
The hog bites you. Kirke barely misses you.
Unknown command.
You hit Kirke.
Kirke is almost dead.
Kirke completely misses you.
Unknown command.
You hit Kirke but do no damage.
Kirke is almost dead.
The hog barely misses you. Kirke hits you! The manticore bites you.
The manticore claws you. The manticore claws you! The hog bites you!
* * * LOW HITPOINT WARNING * * *
Unknown command.
You closely miss Kirke.
Kirke is almost dead.
Kirke hits you.
* * * LOW HITPOINT WARNING * * *
The manticore bites you!
* * * LOW HITPOINT WARNING * * *
The manticore claws you!
* * * LOW HITPOINT WARNING * * *
The manticore claws you!
* * * LOW HITPOINT WARNING * * *
The hog misses you. The manticore closely misses you. The manticore misses you.
The manticore completely misses you. Kirke misses you.
Unknown command.
You feel better. The hog bites you.
* * * LOW HITPOINT WARNING * * *
The hog misses you.
Kirke howls an incantation.
Kirke casts a spell.
Kirke summons a lindwurm!
The manticore closely misses you. The manticore claws you!
* * * LOW HITPOINT WARNING * * *
The manticore claws you!
You die...

##### #..#.## # ###
##
.###..#h##.##..##...
......@Hh##.........
....................
#......k............
###......†..........
#.................
##...............#
#.#........).....
###.............#


You could see Kirke, a manticore (summoned), a lindwurm (summoned) and a hog.

Vanquished Creatures
  Pikel (D:4)
  2 cyclopes (D:7)
  A manticore (D:8)
  A will-o-the-wisp (Lair:3)
  A black mamba (Lair:3)
  3 elephants (Lair:2)
  A cane toad (Lair:2)
  Joseph (D:8)
  4 komodo dragons
  A troll (D:7)
  2 hornets (D:9)
  4 blink frogs (Lair:3)
  2 slime creatures (D:7)
  A shadow (D:9)
  3 wyverns
  14 yaks
  2 hogs (Lair:3)
  A steam dragon (D:8)
  2 acid dragons
  6 water moccasins
  Duvessa (D:6)
  2 black bears
  3 orc warriors
  2 centaurs
  An ogre (D:5)
  4 lemures (D:4)
  Blork the orc (D:6)
  A kobold brigand (D:9)
  3 bullfrogs
  2 elf zombies (Ossuary)
  2 scorpions
  4 wights
  Dowan (D:6)
  15 killer bees
  A howler monkey (D:8)
  A bombardier beetle (D:6)
  3 centaur zombies (Ossuary)
  4 jellies
  3 iguanas
  Crazy Yiuf (D:2)
  5 hounds
  5 orc priests
  2 sleepcaps (D:4)
  Jessica (D:3)
  A gnoll bouda (D:8)
  15 orc wizards
  5 hound zombies (Ossuary)
  2 mummies (Ossuary)
  3 adders
  4 gnolls (D:8)
  A shadow imp (D:5)
  A white imp (D:6)
  10 adder zombies (Ossuary)
  2 ribbon worms
  36 orcs
  6 ball pythons
  4 bats
  6 endoplasms
  3 giant cockroaches
  3 gnoll zombies (Ossuary)
  3 hobgoblins
  7 jackals
  7 kobolds
  3 quokkas
  A frilled lizard (D:3)
  4 goblins
  A jackal zombie (Ossuary)
  7 kobold zombies (Ossuary)
  6 orc zombies (Ossuary)
  7 rats
269 creatures vanquished.

Vanquished Creatures (others)
  A gnoll (D:8)
  4 foxfires (Lair:3)
5 creatures vanquished.

Grand Total: 274 creatures vanquished

Notes
Turn   | Place    | Note
-------+----------+-------------------------------------------
     0 | D:1      | Doomgape the Troll Fighter began the quest for the Orb.
     0 | D:1      | Reached XP level 1. HP: 22/22 MP: 0/0
   231 | D:1      | Reached XP level 2. HP: 29/29 MP: 1/1
   920 | D:2      | Found Hoamun's Book Shoppe.
  1049 | D:2      | Noticed a +0 quick blade
  1052 | D:2      | Found Qoxku's Weapon Emporium.
  1053 | D:2      | Noticed a +0 giant club
  1059 | D:2      | Found Mepsieb's Armour Emporium.
  1106 | D:2      | Found Juxtuqix's Antique Weapon Shop.
  1152 | D:2      | Found a transporter.
  1152 | D:2      | Found Pirusoz's Antique Weapon Boutique.
  1210 | D:2      | Reached XP level 3. HP: 31/36 MP: 2/2
  1329 | D:2      | Found a transporter.
  1550 | D:2      | Found a runed translucent door.
  1551 | D:2      | Noticed Crazy Yiuf
  1561 | D:2      | Killed Crazy Yiuf
  1787 | D:3      | Reached XP level 4. HP: 45/45 MP: 3/3
  1817 | D:3      | Reached skill level 3 in Unarmed Combat
  1832 | D:3      | Noticed Jessica
  1837 | D:3      | Killed Jessica
  1893 | D:3      | Noticed a golden eye
  1896 | D:3      | Noticed a golden eye
  1899 | D:3      | Found a faded altar of an unknown god.
  1901 | D:3      | Noticed a golden eye
  1901 | D:3      | Noticed a shining eye
  2017 | D:3      | Reached XP level 5. HP: 53/53 MP: 4/4
  2657 | D:3      | Found a glowing golden altar of the Shining One.
  2769 | D:4      | Noticed an orc warrior
  2793 | D:4      | Found an ancient bone altar of Kikubaaqudgha.
  2846 | D:4      | Killed an orc warrior
  2847 | D:4      | Reached skill level 4 in Unarmed Combat
  2847 | D:4      | Reached XP level 6. HP: 32/62 MP: 5/5
  3015 | D:4      | Noticed Pikel
  3027 | D:4      | Killed Pikel
  3028 | D:4      | Reached skill level 5 in Unarmed Combat
  3028 | D:4      | Reached XP level 7. HP: 61/71 MP: 6/6
  3599 | D:5      | Entered Level 5 of the Dungeon
  3617 | D:5      | Found a transporter.
  3617 | D:5      | Found a transporter.
  3635 | D:5      | Reached skill level 5 in Fighting
  3654 | D:5      | Reached skill level 5 in Dodging
  3695 | D:5      | Reached XP level 8. HP: 57/80 MP: 7/7
  3935 | D:5      | Reached skill level 6 in Unarmed Combat
  3988 | D:5      | Noticed an angel
  3989 | D:5      | Found a glowing silver altar of Zin.
  4654 | D:6      | Noticed Dowan
  4679 | D:6      | Killed Dowan
  4753 | D:6      | Reached skill level 7 in Unarmed Combat
  4753 | D:6      | Reached XP level 9. HP: 89/89 MP: 8/8
  4803 | D:6      | Noticed Duvessa
  4803 | D:6      | Noticed Blork the orc
  4838 | D:6      | Killed Duvessa
  4848 | D:6      | Killed Blork the orc
  4863 | D:6      | Found a sparkling altar of Nemelex Xobeh.
  4935 | D:6      | Identified a scroll of acquirement
  4935 | D:6      | Acquired the +1 animal skin of Refuge {rF+ rC+ Str+2}
  5084 | D:6      | Found a staircase to the Ecumenical Temple.
  5093 | Temple   | Entered the Ecumenical Temple
  5131 | Temple   | Became a worshipper of Warmaster Okawaru
  5422 | D:7      | Found a sand-covered staircase.
  5431 | Ossuary  | Entered an ossuary
  5700 | D:7      | Found a stormy altar of Qazlal.
  5708 | D:7      | Reached skill level 8 in Unarmed Combat
  6310 | D:7      | Found a runed translucent door.
  6311 | D:7      | Noticed a troll
  6311 | D:7      | Noticed a komodo dragon
  6311 | D:7      | Noticed a cyclops
  6313 | D:7      | Noticed a cyclops
  6318 | D:7      | Killed a troll
  6318 | D:7      | Reached * piety under Okawaru
  6332 | D:7      | Killed a komodo dragon
  6333 | D:7      | Reached XP level 10. HP: 56/102 MP: 4/9
  6340 | D:7      | Reached ** piety under Okawaru
  6345 | D:7      | Gained mutation: Your muscles are strong. (Str +4, Int/Dex
                  | -1) [potion of mutation]
  6345 | D:7      | Gained mutation: You have hidden genetic potential. [potion
                  | of mutation]
  6345 | D:7      | Gained mutation: Your spells are a little harder to cast,
                  | but a little more powerful. [potion of mutation]
  6346 | D:7      | Lost intelligence.
  6354 | D:7      | Killed a cyclops
  6365 | D:7      | Killed a cyclops
  6366 | D:7      | Reached skill level 9 in Unarmed Combat
  6424 | D:7      | Got the Volume of the Vitriolic Jaunt
  6527 | D:7      | Identified the +2 dagger of Pedarghiof {flame, rN+ Str+2
                  | Dex-2}
  6527 | D:7      | Identified the +2 sling "Esu Qued" {speed, rF+ Str+3
                  | Stlth+}
  6553 | D:7      | Found a runed translucent door.
  6553 | D:7      | Noticed a deep elf pyromancer
  6553 | D:7      | Noticed a manticore
  6611 | D:7      | Found a sacrificial altar of Ru.
  6849 | D:7      | Found a shimmering blue altar of Sif Muna.
  7263 | D:8      | Found a broken altar of Ashenzari.
  7323 | D:8      | Reached *** piety under Okawaru
  7357 | D:8      | Found a hazy altar of Hepliaklqana.
  7395 | D:8      | Found Ceviur's Distillery.
  7401 | D:8      | Bought a potion of might for 60 gold pieces
  7401 | D:8      | Bought a potion of curing for 45 gold pieces
  7428 | D:8      | Noticed a manticore
  7443 | D:8      | Killed a manticore
  7443 | D:8      | Reached **** piety under Okawaru
  7444 | D:8      | Reached skill level 1 in Invocations
  7567 | D:8      | Found a white marble altar of Elyvilon.
  7579 | D:8      | Noticed Joseph
  7587 | D:8      | Killed Joseph
  7847 | D:9      | Reached skill level 10 in Unarmed Combat
  7955 | D:9      | Reached XP level 11. HP: 100/113 MP: 9/12
  8005 | D:9      | Gained mutation: You are robust. (+10% HP) [hidden
                  | potential]
  8179 | D:9      | Noticed a skeletal warrior
  8180 | D:9      | Noticed a deep elf pyromancer
  8181 | D:9      | Noticed a seven-headed hydra
  8222 | D:9      | Reached ***** piety under Okawaru
  8223 | D:9      | Found a shadowy altar of Dithmenos.
  8244 | D:9      | Found a staircase to the Orcish Mines.
  8599 | D:9      | Found a staircase to the Lair.
  8649 | Lair:1   | Entered Level 1 of the Lair of Beasts
  8869 | Lair:3   | Found a staircase to the Swamp.
  8875 | Lair:3   | Received a gift from Okawaru
  8877 | Lair:3   | Reached skill level 11 in Unarmed Combat
  8882 | Lair:3   | Reached skill level 5 in Invocations
  9031 | Lair:3   | Reached skill level 5 in Shields
  9136 | Lair:3   | Noticed Kirke
  9152 | Lair:3   | Noticed a lindwurm
  9158 | Lair:3   | HP: 6/126 [manticore[Kirke] (10)]
  9159 | Lair:3   | Mangled by a manticore

Illustrated notes

Levels and vault maps discovered:
D:1:      amcnicky_arrival_choice, layout_basic, serial_corexii_hall,
          chequers_hall_statues_y, corexii_hall_statues_l,
          chequers_hall_statues_wall_a, chequers_hall_statues_wall_a
D:2:      layout_loops_ring, serial_shops, shop, nicolae_shop_mannequins, shop,
          nicolae_shop_rolling_square, nicolae_shop_drivethru,
          uniq_crazy_yiuf_cottage
D:3:      layout_basic, mainiacjoe_overflow_alcove_1,
          hellmonk_ecumenical_altar_watching_god, corexii_corridor_pit,
          dreamdust_wishing_well, uniq_jessica
D:4:      layout_loops_corners, kiku_gazebo_garden_becter,
          chequers_serial_rivers_marsh, uniq_pikel
D:5:      gammafunk_wand_slinger, layout_basic, zin_angel, lemuel_flamethrower_2
D:6:      layout_gridville, nemelex_xobeh_ov_fountains_minmay,
          lemuel_temple_firewalk_b, nicolae_zig_zag_zippers, uniq_duvessa,
          uniq_blork_the_orc
D:7:      minmay_the_grid_triangle_9x9_recursive_2
          [minmay_the_grid_triangle_9x9_prize_top_heavy,
          minmay_the_grid_triangle_9x9_empty,
          minmay_the_grid_triangle_9x9_corrupted_corridor,
          minmay_the_grid_triangle_9x9_tough_junction], layout_loops_ring,
          mainiacjoe_overflow_cross_hatched, led_sif_pool, hangedman_ru_absence,
          mainiacjoe_ossuary_entry_dusty_tomb, kennysheep_opposing_triangles
D:8:      layout_rooms, old_standard_altar, mainiacjoe_overflow_alcove_2,
          marbit_many_paths, serial_shops, nicolae_shop_industrial_runoff,
          lightli_orcish_oven, uniq_joseph
D:9:      layout_rooms, nicolae_dithmenos_the_darkroom, david_lair_shrubbed,
          minmay_orc_entry_temple_small, minmay_misc_feat_ornament, minivault_12
Temple:   hellmonk_temple_of_storms
Lair:1:   minmay_lair_oklob_tunnel, layout_big_grid, minmay_lair_oklob_items,
          chequers_serial_rivers_small_a, serial_bayou_shore_a
Lair:2:   wad_woods_structure_01, layout_loops_ring,
          guppyfry_snake_entry_island, serial_bayou_pond_e, uniq_nergalle
Lair:3:   layout_cave_pods, minmay_swamp_entry_wisps, serial_bayou_shore_b,
          uniq_kirke

Skill      XL: |  1  2  3  4  5  6  7  8  9 10 11 |
---------------+----------------------------------+-----
Fighting       | 3 4 5 6 7 8 9 |  9.0
Dodging        | 3 4 5 6 7 8 |  8.2
Unarmed Combat | 3 4 5 7 8 10 11 | 11.3
Invocations    | 2 5 |  5.6
Shields        | 5 |  5.2

Action                     |  1- 3 |  4- 6 |  7- 9 | 10-12 || total
---------------------------+-------+-------+-------+-------++-------
  Melee: Unarmed           |    91 |   132 |   391 |   318 ||   932
  Evoke: Wand              |       |       |       |     1 ||     1
    Use: Scroll            |     1 |     3 |     9 |       ||    13
         Potion            |       |     1 |       |     5 ||     6
   Stab: Sleeping          |     1 |       |       |       ||     1
         Invisible         |       |       |       |     2 ||     2
 Armour: Robe              |    28 |    52 |    83 |       ||   163
         Animal skin       |       |       |    81 |   149 ||   230
         Skin              |       |       |       |    28 ||    28
  Dodge: Dodged            |    29 |    50 |   226 |   166 ||   471
  Block: Kite shield       |    30 |    44 |   184 |   111 ||   369
